 Dungeon Crawl Stone Soup version 0.31-a0-740-g87205ac768 (webtiles) character file.

Game seed: 2188118495480070900

29 cforsyth the Trooper (level 3, -2/30 HPs)
             Began as a Djinni Chaos Knight on Sept 12, 2023.
             Was a Plaything of Xom.
             Slain by an orc priest
             ... wielding a +0 hand axe
              (7 damage)
             ... on level 1 of the Dungeon.
             The game lasted 00:02:09 (1128 turns).

cforsyth the Trooper (Djinni Chaos Knight)          Turns: 1128, Time: 00:02:10

Health: -2/30      AC:  5    Str: 11    XL:     3   Next: 32%
Gold:   63         EV: 11    Int: 13    God:    Xom [......] SH:  0 Dex: 12

rFire   + + .        a - +0 falchion (chaos)
rCold   x . .        (no shield)
rNeg    . . .        b - +2 leather armour
rPois   ∞            (no helmet)
rElec   .            (no cloak)
rCorr   .            (no gloves)
SInv    .            (boots unavailable)
Will    .....        (no amulet)
Stlth   +            (no ring)
HPRegen 0.25/turn    (no ring)
MPRegen 0.00/turn

%: infuse magic (-3 HP)
@: flying, very slightly contaminated
A: sickness immunity, fire resistance 2, cold vulnerability 1, float, innate
caster, HP casting, extra vitality 1, dopey 1, evolution 1
a: Renounce Religion


You were on level 1 of the Dungeon.
You worshipped Xom.
You were a very special plaything of Xom.
You visited 1 branch of the dungeon, and saw 2 of its levels.

You collected 63 gold pieces.

Inventory:

Hand Weapons
 a - a +0 falchion of chaos (weapon)
Armour
 b - a +2 leather armour (worn)
Scrolls
 c - a scroll of butterflies
 d - a scroll of identify {unknown}
 e - a scroll of noise {unknown}
 h - a scroll of fear {unknown}
 j - a scroll of amnesia {unknown}
 k - a scroll of enchant weapon {unknown}
Potions
 f - a potion of haste {unknown}
 g - a potion of brilliance {unknown}
 i - 2 potions of curing {unknown}
 l - a potion of degeneration {unknown}


   Skills:
 + Level 3.6 Fighting
 - Level 2.6 Long Blades
 - Level 1.0 Armour
 - Level 2.1 Dodging
 + Level 1.2 Spellcasting
 + Level 1.2 Conjurations
 + Level 1.2 Hexes
 + Level 1.2 Summonings
 + Level 1.2 Necromancy
 + Level 1.2 Translocations
 + Level 1.2 Transmutations
 + Level 1.2 Fire Magic
 + Level 1.2 Ice Magic
 + Level 1.2 Air Magic
 + Level 1.2 Earth Magic
 + Level 1.2 Poison Magic


You knew the following spells:

 Your Spells              Type           Power      Damage    Failure   Level
a - Foxfire               Conj/Fire      12%        2x1d4     22%         1
Your spell library was empty.

Dungeon Overview and Level Annotations

Branches:
Dungeon (2/15)

Altars:


Innate Abilities, Weirdness & Mutations

You are immune to sickness and miasma.
You are immune to poison.
Your flesh is very heat resistant. (rF++)
You are vulnerable to cold. (rC-)
You float through the air rather than walking.
You learn spells naturally, not from books.
Your magical power is your life essence.
You have superior vitality. (+4 MHP)
You are dopey. (Int -2)
You have hidden genetic potential.


Message History

The foxfire hits the orc priest.
The orc priest is moderately wounded.
There is a stone staircase leading up here.
The orc priest hits you with a +0 hand axe.
You fly upwards.
Reactivating autopickup.
There is a stone staircase leading down here.
You conjure some foxfire!
The orc priest hits you with a +0 hand axe.
The orc priest closely misses your foxfire.
You hit the orc priest. You freeze the orc priest.
The orc priest is heavily wounded.
The foxfire hits the orc priest.
The orc priest is heavily wounded.
The foxfire hits the orc priest.
The orc priest is severely wounded.
The orc priest looks satisfied for a moment.
You are too injured to fight recklessly!
Casting: Foxfire (safe; 22% risk of failure)
Confirm with . or Enter, or press ? or * to list all spells.
You miscast Foxfire.
You are very lightly contaminated with residual magic.
Nothing appears to happen.
The orc priest looks encouraged for a moment.
Casting: Foxfire (safe; 22% risk of failure)
Confirm with . or Enter, or press ? or * to list all spells.
You miscast Foxfire.
Nothing appears to happen.
The orc priest invokes the aid of Beogh against you.
Pain shoots through your body!
* * * LOW HITPOINT WARNING * * *
You hit the orc priest.
The orc priest suddenly seems more resistant.
The orc priest is almost dead.
The orc priest calls down the wrath of Beogh upon you.
You barely resist. You barely miss the orc priest.
The orc priest is almost dead.
The orc priest hits you with a +0 hand axe!
You die... "What!?
That's it?"

....÷~~~.......#.####.###.#.#.#.#
...~~≈≈≈~~.....+..........#.#...#
..~≈≈≈≈≈≈≈~....######........####
################.##...#.....#####
.................##.#.#........##
#######....###.#.##.#.....#..#.##
.# #.#.####.#.##.............# )#
#.....##.#..........#..####
.######.........@o.....#..#..# #
###.......#.#.###########.#..# #
# #......##.#.# #.#..# # #
#......##.#.# #.#..#### #
#......##.#.# ####.#.....#
#......##.#.# #......#####
##.........#.# #.##.#......
##........###.# #.#..#.#####
.#.##+#...###.# #.##.#.#


You could see an orc priest (resistant).

Vanquished Creatures
  2 dart slugs (D:1)
  An orc (D:2)
  An endoplasm (D:1)
  A giant cockroach (D:1)
  2 goblins
  2 hobgoblins (D:1)
  2 quokkas (D:1)
  4 ball pythons (D:1)
  4 bats (D:1)
  2 kobolds (D:1)
  3 rats (D:1)
24 creatures vanquished.

Vanquished Creatures (others)
  12 foxfires
12 creatures vanquished.

Grand Total: 36 creatures vanquished

Notes
Turn   | Place    | Note
-------+----------+-------------------------------------------
     0 | D:1      | cforsyth the Djinni Chaos Knight began the quest for the
                  | Orb.
     0 | D:1      | Reached XP level 1. HP: 20/20 MP: 0/0
    68 | D:1      | XOM: silly message
   207 | D:1      | XOM: draining
   211 | D:1      | Reached XP level 2. HP: 22/22 MP: 0/0
   429 | D:1      | XOM: silly message
   514 | D:1      | Reached skill level 1 in Spellcasting
   514 | D:1      | Reached skill level 1 in Conjurations
   514 | D:1      | Reached skill level 1 in Hexes
   514 | D:1      | Reached skill level 1 in Summonings
   514 | D:1      | Reached skill level 1 in Necromancy
   514 | D:1      | Reached skill level 1 in Translocations
   514 | D:1      | Reached skill level 1 in Transmutations
   514 | D:1      | Reached skill level 1 in Fire Magic
   514 | D:1      | Reached skill level 1 in Ice Magic
   514 | D:1      | Reached skill level 1 in Air Magic
   514 | D:1      | Reached skill level 1 in Earth Magic
   514 | D:1      | Reached skill level 1 in Poison Magic
   660 | D:1      | XOM: give mutations
   660 | D:1      | Gained mutation: You are dopey. (Int -2) [Xom's mischief]
   660 | D:1      | Gained mutation: You have hidden genetic potential. [Xom's
                  | mischief]
   751 | D:1      | Reached XP level 3. HP: 12/29 MP: 0/0
   751 | D:1      | Learned a level 1 spell: Foxfire
   758 | D:1      | XOM: enchant monster (bad)
  1128 | D:1      | Slain by an orc priest

Illustrated notes

Levels and vault maps discovered:
D:1:      nzn_arrival_depleted_hourglass, layout_basic
D:2:      layout_loops_ring, ebering_ecumenical_altar_box, st_stairs_6,
          item_on_display_a

Skill      XL: |  1  2 |
---------------+-------+-----
Spellcasting   | 1 |  1.2
Conjurations   | 1 |  1.2
Hexes          | 1 |  1.2
Summonings     | 1 |  1.2
Necromancy     | 1 |  1.2
Translocations | 1 |  1.2
Transmutations | 1 |  1.2
Fire Magic     | 1 |  1.2
Ice Magic      | 1 |  1.2
Air Magic      | 1 |  1.2
Earth Magic    | 1 |  1.2
Poison Magic   | 1 |  1.2
Fighting       | |  3.6
Long Blades    | |  2.6
Armour         | |  1.0
Dodging        | |  2.1

Action                     || total
---------------------------++-------
  Melee: Falchion          ||    99
         Punch             ||     1
   Cast: Foxfire           ||     8
   Stab: Paralysed         ||     1
 Armour: Leather armour    ||    87
  Dodge: Dodged            ||    99

Table legend: (Time is in decaauts)
 A = Elapsed time spent in this place.
 B = Non-inter-level travel time spent in this place.
 C = Inter-level travel time spent in this place.
 D = Time resting spent in this place.
 E = Time spent auto-exploring this place.
 F = Levels seen in this place.
 G = Mean time per level.
                   A        B        C        D        E       F      G
               +--------+--------+--------+--------+--------+-----+--------+
         Total |   1145 |   1100 |     45 |     55 |    765 |   2 |  572.5 |
       Dungeon |   1145 |   1100 |     45 |     55 |    765 |   2 |  572.5 |
               +--------+--------+--------+--------+--------+-----+--------+

Top non-repeatable levels by time:
     D:1: 1073 daAuts
     D:2: 72 daAuts
